 Dungeon Crawl Stone Soup version 0.30-a0-371-gad7725a93e (webtiles) character file.

Game seed: 16927706987238536817

304 Pooter the Ruffian (level 6, -4/57 HPs)
             Began as a Troll Transmuter on Nov 23, 2022.
             Slain by a gnoll
             ... wielding a +0 spear
              (7 damage)
             ... on level 4 of the Dungeon.
             The game lasted 00:16:09 (2290 turns).

Pooter the Ruffian (Troll Transmuter)               Turns: 2290, Time: 00:16:09

Health: -4/57      AC:  5    Str: 25    XL:     6   Next: 15%
Magic:  5/8        EV: 10    Int: 11    God:
Gold:   149        SH:  0    Dex: 16    Spells: 3/9 levels left

rFire   . . .      SeeInvis .      - Unarmed
rCold   . . .      Faith    .    (no shield)
rNeg    . . .      Spirit   .    a - +0 robe
rPois   .          Reflect  .    (helmet currently unavailable)
rElec   .          Harm     .    i - +0 cloak
rCorr   .          Rampage  .    (gloves unavailable)
Will    .....                    (boots unavailable)
Stlth   +.........               (no amulet)
HPRegen 1.09/turn                e - +6 ring of strength
MPRegen 0.11/turn                o - +6 ring of dexterity

@: about to teleport, appendages
A: horns 2, talons 2, large, unfitting armour, claws 3, regeneration 1, shaggy
fur 1, tough skin 1
a: End Transformation


You were on level 4 of the Dungeon.
You had temporarily grown beastly horns and talons.
You visited 1 branch of the dungeon, and saw 4 of its levels.

You collected 149 gold pieces.

Inventory:

Hand Weapons
 b - a +0 sling
   (You took it off a goblin on level 3 of the Dungeon)
Missiles
 j - a throwing net {!f}
 p - 20 poisoned darts (quivered)
 q - 2 boomerangs
 Q - 39 stones
Armour
 a - a +0 robe (worn)
 i - a +0 cloak (worn)
   (You took it off Crazy Yiuf on level 3 of the Dungeon)
Jewellery
 e - a +6 ring of strength (left claw)
   (You found it on level 1 of the Dungeon)
 o - a +6 ring of dexterity (right claw)
   (You found it on level 2 of the Dungeon)
Wands
 f - a wand of flame (44)
   (You took it off Terence on level 2 of the Dungeon)
Scrolls
 c - a scroll of enchant armour {unknown}
 g - a scroll of noise {!r}
 h - 2 scrolls of magic mapping
 l - 2 scrolls of butterflies {unknown}
 t - 2 scrolls of teleportation {@r4}
Potions
 d - 2 potions of might {unknown}
 k - a potion of invisibility {unknown}
 m - a potion of degeneration {unknown}
 n - 3 potions of heal wounds {@q2}
 r - 2 potions of lignification {!q}
 s - a potion of curing {unknown}
 u - 2 potions of magic {unknown}


   Skills:
 + Level 2.2 Fighting
 - Level 1.5 Dodging
 + Level 4.0 Unarmed Combat
 + Level 2.0 Spellcasting
 + Level 2.3 Transmutations
 * Level 2.1 Poison Magic


You had 3 spell levels left.
You knew the following spells:

 Your Spells              Type           Power      Damage    Failure   Level
a - Beastly Appendage     Tmut           12%        N/A       11%         1
b - Wereblood             Tmut           6%         N/A       17%         2
x - Spider Form           Tmut/Pois      6%         N/A       34%         3

Your spell library contained the following spells:

 Spells                   Type           Power      Damage    Failure   Level
 Poisonous Vapours        Pois/Air       6%         N/A       28%         2
 Cigotuvi's Dreadful Rot  Necr/Pois/Air  4%         N/A       32%         2
 Static Discharge         Conj/Air       2%         2-3/arc   41%         2
 Mephitic Cloud           Conj/Pois/Air  2%         N/A       54%         3
 Frozen Ramparts          Ice            2%         1d1       65%         3
 Ozocubu's Armour         Ice            1%         N/A       65%         3
 Vhi's Electric Charge    Tloc/Air       2%         N/A       65%         3
 Ice Form                 Ice/Tmut       3%         N/A       87%         4
 Summon Ice Beast         Ice/Summ       1%         N/A       96%         4
 Arcjolt                  Conj/Air       0%         1d10      100%        5
 Lightning Bolt           Conj/Air       0%         1d11      100%        5
 Ozocubu's Refrigeration  Ice            0%         4d7       100%        7


Dungeon Overview and Level Annotations

Branches:
Dungeon (4/15)
 Temple: D:4-7

Altars:


Innate Abilities, Weirdness & Mutations

You have temporarily grown beastly horns and talons.
You are too large for most types of armour.
You have claws for hands.
Your natural rate of healing is unusually fast.
You are covered in fur. (AC +1)
You have tough skin. (AC +1)


Message History

Your primal bloodlust has ended.
The endoplasm quivers.
The adder completely misses you. The gnoll hits you but does no damage.
The gnoll hits you with a +0 spear!
A scorpion zombie comes into view.
You closely miss the gnoll. The adder bites you but does no damage.
The gnoll barely misses you. The gnoll hits you with a +0 spear!
* * * LOW HITPOINT WARNING * * *
The endoplasm closely misses you.
Unknown command.
You claw the gnoll! The adder bites you but does no damage.
The gnoll hits you with a +0 spear.
* * * LOW HITPOINT WARNING * * *
The gnoll hits you but does no damage. The endoplasm closely misses you.
Unknown command.
Unknown command.
Unknown command.
You grow a pair of large bovine horns.
Your feet morph into talons.
The adder bites you.
* * * LOW HITPOINT WARNING * * *
The adder bites you but does no damage. The gnoll barely misses you.
The gnoll hits you with a +0 spear.
* * * LOW HITPOINT WARNING * * *
The endoplasm misses you.
You claw the adder!
You kill the adder!
The hound zombie bites you.
* * * LOW HITPOINT WARNING * * *
Your Unarmed Combat skill increases to level 4!
As you read the scroll labelled NEMUSE WIAPLEI, it crumbles to dust.
You feel strangely unstable.
It was a scroll of teleportation.
t - 2 scrolls of teleportation;
k - a smoky purple potion The gnoll hits you but does no damage.
The gnoll hits you with a +0 spear.
* * * LOW HITPOINT WARNING * * *
The endoplasm freezes you.
You are frozen.
* * * LOW HITPOINT WARNING * * *
The hound zombie bites you.
* * * LOW HITPOINT WARNING * * *
You scratch the hound zombie. You claw the hound zombie.
The gnoll hits you with a +0 spear.
* * * LOW HITPOINT WARNING * * *
The gnoll hits you with a +0 spear.
* * * LOW HITPOINT WARNING * * *
The endoplasm jiggles.
The endoplasm barely misses you. The hound zombie bites you.
* * * LOW HITPOINT WARNING * * *
The gnoll attacks as you move away! The gnoll hits you but does no damage.
The gnoll closely misses you. The gnoll hits you with a +0 spear!
You die...

8. §### .. §..# ..
... §§# .# ...
..##.# . .#.
..##JZ..# .. ...
#J##g#..#...
..§§##§#@.ZZ....#
##§§§.§§..Jg..#..#
#..P§§§§...).....#
...P§.§.........#
#P§§...........#
#....?.........#
###
#..............#
#<#
#..............#
#.#
####.[......./.#


You could see 2 gnolls, a hound zombie, a scorpion zombie, 2 endoplasms and an
adder skeleton.

Vanquished Creatures
  An orc priest (D:3)
  Crazy Yiuf (D:3)
  Terence (D:2)
  Jessica (D:2)
  An orc wizard (D:3)
  A hound zombie (D:4)
  A hound skeleton (D:4)
  5 adders
  4 gnolls
  2 dart slugs
  3 orcs (D:3)
  4 ball pythons
  4 endoplasms
  7 goblins
  3 hobgoblins (D:1)
  4 jackals (D:1)
  6 kobolds
  2 quokkas
  6 bats
  2 frilled lizards
  7 rats
66 creatures vanquished.

Vanquished Creatures (others)
  2 fungi (D:1)
  A withered plant (D:4)
3 creatures vanquished.

Grand Total: 69 creatures vanquished

Notes
Turn   | Place    | Note
-------+----------+-------------------------------------------
     0 | D:1      | Pooter the Troll Transmuter began the quest for the Orb.
     0 | D:1      | Reached XP level 1. HP: 18/18 MP: 1/1
   223 | D:1      | Reached skill level 1 in Fighting
   242 | D:1      | Reached XP level 2. HP: 27/27 MP: 0/3
   539 | D:1      | Reached XP level 3. HP: 33/33 MP: 4/4
   552 | D:1      | Learned a level 3 spell: Spider Form
   664 | D:1      | Found a faded altar of an unknown god.
   882 | D:2      | Noticed Jessica
   885 | D:2      | Killed Jessica
   908 | D:2      | Reached XP level 4. HP: 40/41 MP: 3/5
   941 | D:2      | Noticed Terence
   959 | D:2      | Killed Terence
   960 | D:2      | Reached skill level 1 in Poison Magic
  1114 | D:2      | Learned a level 2 spell: Wereblood
  1490 | D:3      | Reached XP level 5. HP: 49/49 MP: 3/6
  1640 | D:3      | Found a runed translucent door.
  1641 | D:3      | Noticed Crazy Yiuf
  2152 | D:3      | Killed Crazy Yiuf
  2263 | D:4      | Reached XP level 6. HP: 55/57 MP: 3/8
  2288 | D:4      | Reached skill level 4 in Unarmed Combat
  2289 | D:4      | HP: 2/57 [gnoll/+0 spear (1)]
  2290 | D:4      | Slain by a gnoll

Illustrated notes

Levels and vault maps discovered:
D:1:      dpeg_arrival_water_fire, layout_loops_ring,
          ebering_ecumenical_altar_hall
D:2:      layout_rooms, serial_forest, infiniplex_forest_zigzag_2,
          infiniplex_forest_lined_3, infiniplex_forest_straight_2,
          infiniplex_forest_lined_2, infiniplex_forest_zigzag_1, uniq_terence,
          uniq_jessica
D:3:      layout_rooms, serial_glass, glass_columns_c, glass_columns_c,
          minmay_strange_pillars, due_unseen_surprise, minmay_strange_pillars,
          uniq_crazy_yiuf_cottage
D:4:      layout_basic, minmay_temple_entry_tees, gammafunk_ghost_split,
          serial_undead, serial_undead_a, serial_undead_e, serial_undead_e,
          serial_undead_e

Skill      XL: |  1  2  3  4  5  6 |
---------------+-------------------+-----
Fighting       | 1 2 |  2.2
Transmutations | 2 |  2.3
Poison Magic   | 1 2 |  2.1
Spellcasting   | 2 |  2.0
Unarmed Combat | 4 |  4.0
Dodging        | |  1.5

Action                   |  1- 3 |  4- 6 || total
-------------------------+-------+-------++-------
Melee: Unarmed           |    92 |    80 ||   172
       Punch             |     3 |     2 ||     5
       Kick              |     2 |     3 ||     5
       Headbutt          |     2 |     2 ||     4
 Fire: Sling             |       |    19 ||    19
Throw: Stone             |     3 |       ||     3
       Dart              |       |     6 ||     6
 Cast: Beastly Appendage |     3 |     3 ||     6
       Wereblood         |       |     3 ||     3
  Use: Scroll            |     2 |     2 ||     4
 Stab: Sleeping          |     1 |       ||     1
Armor: Robe              |    24 |    24 ||    48
Dodge: Dodged            |    28 |    57 ||    85

Table legend: (Time is in decaauts)
 A = Elapsed time spent in this place.
 B = Non-inter-level travel time spent in this place.
 C = Inter-level travel time spent in this place.
 D = Time resting spent in this place.
 E = Time spent auto-exploring this place.
 F = Levels seen in this place.
 G = Mean time per level.
                   A        B        C        D        E       F      G
               +--------+--------+--------+--------+--------+-----+--------+
         Total |   2280 |   2206 |     74 |    138 |   1502 |   4 |  570.0 |
       Dungeon |   2280 |   2206 |     74 |    138 |   1502 |   4 |  570.0 |
               +--------+--------+--------+--------+--------+-----+--------+

Top non-repeatable levels by time:
     D:1: 854 daAuts
     D:3: 732 daAuts
     D:2: 614 daAuts
     D:4: 79 daAuts
